 Dungeon Crawl Stone Soup version 0.30-a0-930-gb9d0489357 (webtiles) character file.

Game seed: 12597239554422820876

12261 Vomitron the Cleaver (level 11, -15/101 HPs)
             Began as a Hill Orc Monk on Mar 23, 2023.
             Was a Priest of the Shining One.
             Killed from afar by Xycs's ghost (36 damage)
             ... with a stone arrow
             ... on level 1 of the Lair of Beasts.
             The game lasted 00:22:15 (10695 turns).

Vomitron the Cleaver (Hill Orc Monk)               Turns: 10695, Time: 00:22:15

Health: -15/101    AC: 19    Str: 19    XL:     11   Next: 90%
Magic:  17/27      EV:  7    Int: 10    God:    the Shining One [***...]
Gold:   658        SH:  7    Dex: 13    Spells: 10/10 levels left

rFire   . . .      SeeInvis .    o - +2 mace (holy)
rCold   . . .      Faith    .    M - +2 buckler
rNeg    + + .      Spirit   .    v - +0 plate armour
rPois   .          Reflect  .    C - +0 helmet
rElec   .          Rampage  .    (no cloak)
rCorr   .                        x - +1 pair of gloves
Will    .....                    w - +0 pair of boots Stlth
                                 (no amulet)
HPRegen 0.36/turn                B - ring of positive energy
MPRegen 0.20/turn                A - ring of magical power

@: glowing, studying 2 skills
A: no striking features
a: Renounce Religion, Divine Shield, Cleansing Flame


You were on level 1 of the Lair of Beasts.
You worshipped the Shining One.
The Shining One was most pleased with you.
You visited 3 branches of the dungeon, and saw 12 of its levels.
You also visited: Ossuary.

You collected 658 gold pieces.

Inventory:

Hand Weapons
 a - a +0 hand axe
 k - a +3 war axe of electrocution
 o - a +2 mace of holy wrath (weapon)
 J - a +0 whip of electrocution
Missiles
 t - 2 throwing nets (quivered)
 D - 19 poisoned darts
Armour
 v - a +0 plate armour (worn)
 w - a +0 pair of boots (worn)
 x - a +1 pair of gloves (worn)
 C - a +0 helmet (worn)
 G - a +0 tower shield
 M - a +2 buckler (worn)
 N - a +1 scale mail of cold resistance
Jewellery
 n - a +6 ring of intelligence
 A - a ring of magical power (right hand)
 B - a ring of positive energy (left hand)
Wands
 s - a wand of acid (18)
 F - a wand of paralysis (21)
 K - a wand of roots (22)
Scrolls
 f - 3 scrolls of noise
 i - 5 scrolls of blinking
 p - 2 scrolls of enchant armour
 u - 7 scrolls of teleportation
 y - 2 scrolls of immolation
 z - a scroll of brand weapon
 I - 2 scrolls of magic mapping
Potions
 c - 2 potions of ambrosia
 d - 3 potions of attraction
 e - 2 potions of lignification
 g - 10 potions of curing
 h - 5 potions of heal wounds
 j - 3 potions of invisibility {unknown}
 l - a potion of magic {unknown}
 m - 3 potions of haste {unknown}
 q - 2 potions of flight {unknown}
 r - 2 potions of berserk rage {unknown}
 E - 4 potions of cancellation
 L - 2 potions of might {unknown}


   Skills:
 + Level 10.8 Fighting
 * Level 13.8 Axes
 + Level 9.3 Armour
 - Level 4.2 Dodging
 - Level 1.5 Stealth
 - Level 6.0 Shields
 + Level 10.1 Invocations


You had 10 spell levels left.
You didn't know any spells.
Your spell library contained the following spells:

 Spells                   Type           Power      Damage    Failure   Level
 Apportation              Tloc           0%         N/A       100%        1
 Necrotise                Necr           0%         1d4       100%        1
 Summon Small Mammal      Summ           0%         N/A       100%        1
 Static Discharge         Conj/Air       0%         2-2/arc   100%        2
 Gell's Gravitas          Tloc           0%         N/A       100%        3
 Teleport Other           Tloc           0%         N/A       100%        3
 Vhi's Electric Charge    Tloc/Air       0%         N/A       100%        3
 Cause Fear               Hex            0%         N/A       100%        4
 Arcjolt                  Conj/Air       0%         1d10      100%        5
 Freezing Cloud           Conj/Ice/Air   0%         6-21      100%        5
 Plasma Beam              Fire/Air       0%         2x1d11    100%        5
 Dispersal                Tloc           0%         N/A       100%        6
 Simulacrum               Ice/Necr       0%         N/A       100%        6
 Dragon Form              Tmut           0%         N/A       100%        7
 Dragon's Call            Summ           0%         N/A       100%        9
 Polar Vortex             Ice            0%         N/A       100%        9


Dungeon Overview and Level Annotations

Branches:
Dungeon (10/15)            Temple (1/1) D:5            Lair (1/5) D:9
Ossuary (visited)
    Orc: D:9-12

Altars:
Ashenzari
Cheibriados
Dithmenos
Elyvilon
Fedhas
Gozag
Hepliaklqana
Kikubaaqudgha
Makhleb
Nemelex Xobeh
Okawaru
Qazlal
Ru
Sif Muna
Trog
Uskayaw
Wu Jian
Xom
Yredelemnul
Zin
The Shining One

Annotations:
Temple 2 transporters
Lair:1 Xycs's ghost, journeyman GnEE


Message History

You hit Xycs's ghost.
Xycs's ghost convulses.
Xycs's ghost is lightly damaged.
Xycs's ghost casts a spell at you. The stone arrow misses you.
The stone arrow hits the fungus!
The fungus begins to die.
You hit Xycs's ghost.
Xycs's ghost convulses.
Xycs's ghost is lightly damaged.
Xycs's ghost points at you and mumbles some strange words.
The stone arrow hits you!!!
You closely miss Xycs's ghost.
Xycs's ghost is lightly damaged.
Xycs's ghost says, "The agents of utter destruction are not stopped by death."
Xycs's ghost hits you but does no damage.
You partially resist.
You hit Xycs's ghost.
Xycs's ghost convulses.
Xycs's ghost is lightly damaged.
Xycs's ghost casts a spell at you. The stone arrow hits you!!!
* * * LOW HITPOINT WARNING * * *
Unknown command.
Activating: Cleansing Flame (9% risk of failure)
Press: ? - help, Dir - look around, f - activate The golden flame engulfs you but does no damage.
You resist.
The golden flame engulfs Xycs's ghost!!
Xycs's ghost writhes in agony!
Xycs's ghost is heavily damaged.
The golden flame engulfs the fungus!!
The fungus is moderately damaged.
A nearby fungus withers and dies.
Xycs's ghost completely misses you.
Unknown command.
Activating: Cleansing Flame (9% risk of failure)
Press: ? - help, Dir - look around, f - activate The golden flame engulfs you but does no damage.
You resist.
The golden flame engulfs Xycs's ghost!!!
Xycs's ghost writhes in agony!
Xycs's ghost is almost destroyed.
Xycs's ghost casts a spell at you. The stone arrow hits you!!!
You die...

##.#............
##...............
##.....#####.#####
##....### #..##
##....## ###.#
##....## #..#
#......# #..##
#######...# #...##
#$....#@..##
####.#.##
#[~~~~W....#
##...#...#
#.....#..###
##.........
#############
##....#....#
#....#
##....#####.#
#...## ##....##
#.. #...##
##....## #..
#....# ##...###
#.P #....#
####....# #..


You could see Xycs's ghost.

Vanquished Creatures
  Josephine (D:10)
  2 two-headed ogres
  Pikel (D:7)
  Joseph (D:7)
  A gargoyle (D:7)
  Maggie (D:8)
  A kobold demonologist (D:10)
  A komodo dragon (Lair:1)
  A polar bear (Lair:1)
  A troll (D:10)
  Prince Ribbit (D:7)
  3 wraiths (D:10)
  24 yaks
  Grum (D:10)
  A steam dragon (D:7)
  A vampire mosquito (D:7)
  5 water moccasins (Lair:1)
  3 orc warriors
  3 ice beasts
  A sky beast (D:6)
  An ogre (D:5)
  3 wolves (D:10)
  5 centaurs
  A kobold brigand (D:7)
  4 lemures (D:7)
  2 bullfrogs
  2 gnoll sergeants
  5 scorpions
  A howler monkey (D:8)
  4 electric eels (Lair:1)
  An orc priest (D:7)
  5 hounds
  5 jellies
  A gnoll bouda (D:7)
  3 iguanas
  9 orc wizards
  3 mummies
  5 adders
  14 gnolls
  A shadow imp (D:7)
  A white imp (D:8)
  An ufetubus (D:6)
  7 adder zombies (Ossuary)
  A worm (D:2)
  2 dart slugs (D:1)
  20 orcs
  9 ball pythons
  3 bats
  6 endoplasms
  A giant cockroach (D:4)
  3 hobgoblins
  4 jackals (D:3)
  4 quokkas (D:1)
  3 frilled lizards
  7 gnoll zombies (Ossuary)
  3 hobgoblin zombies (Ossuary)
  6 kobolds
  7 kobold zombies
  4 orc zombies
  5 rats
226 creatures vanquished.

Vanquished Creatures (others)
  3 fungi (Lair:1)
  5 plants (Lair:1)
8 creatures vanquished.

Grand Total: 234 creatures vanquished

Notes
Turn   | Place    | Note
-------+----------+-------------------------------------------
     0 | D:1      | Vomitron the Hill Orc Monk began the quest for the Orb.
     0 | D:1      | Reached XP level 1. HP: 19/19 MP: 1/1
   180 | D:1      | Reached XP level 2. HP: 27/27 MP: 2/2
   319 | D:1      | Reached skill level 1 in Armour
   532 | D:1      | Reached XP level 3. HP: 33/33 MP: 3/3
   557 | D:1      | Reached skill level 5 in Axes
  1153 | D:2      | Found a blossoming altar of Fedhas.
  1592 | D:3      | Reached XP level 4. HP: 3/40 MP: 4/4
  1881 | D:3      | Found a bloodstained altar of Trog.
  1881 | D:3      | Found a broken altar of Ashenzari.
  2606 | D:4      | Found a sand-covered staircase.
  2751 | Ossuary  | Entered an ossuary
  2759 | Ossuary  | Reached XP level 5. HP: 47/47 MP: 5/5
  2787 | Ossuary  | Reached skill level 6 in Axes
  3114 | D:4      | Reached XP level 6. HP: 53/55 MP: 6/6
  3171 | D:4      | Reached skill level 5 in Fighting
  3474 | D:4      | Reached skill level 7 in Axes
  3666 | D:5      | Entered Level 5 of the Dungeon
  3712 | D:5      | Found a staircase to the Ecumenical Temple.
  3716 | D:5      | Reached XP level 7. HP: 61/61 MP: 7/7
  3728 | Temple   | Entered the Ecumenical Temple
  3728 | Temple   | Found a transporter.
  3728 | Temple   | Found a transporter.
  3730 | Temple   | Found a transporter.
  3730 | Temple   | Found a transporter.
  3745 | Temple   | Became a worshipper of the Shining One
  3745 | Temple   | Reached * piety under the Shining One
  3745 | Temple   | Reached ** piety under the Shining One
  3829 | D:5      | Reached skill level 8 in Axes
  3829 | D:5      | Reached skill level 1 in Invocations
  4039 | D:5      | Reached XP level 8. HP: 70/70 MP: 9/9
  4534 | D:6      | Reached skill level 9 in Axes
  4534 | D:6      | Reached skill level 5 in Armour
  5779 | D:7      | Noticed Joseph
  5791 | D:7      | Killed Joseph
  5792 | D:7      | Reached skill level 1 in Shields
  5792 | D:7      | Reached skill level 5 in Invocations
  5792 | D:7      | Reached XP level 9. HP: 49/79 MP: 12/12
  5989 | D:7      | Noticed Pikel
  6009 | D:7      | Killed Pikel
  6010 | D:7      | Reached skill level 10 in Axes
  6174 | D:7      | Noticed a gargoyle
  6174 | D:7      | Noticed a two-headed ogre
  6184 | D:7      | Killed a gargoyle
  6189 | D:7      | Killed a two-headed ogre
  6323 | D:7      | Reached XP level 10. HP: 81/90 MP: 15/15
  6439 | D:7      | Noticed Prince Ribbit
  6449 | D:7      | Killed Prince Ribbit
  7339 | D:8      | Noticed a two-headed ogre
  7344 | D:8      | Killed a two-headed ogre
  7345 | D:8      | Reached skill level 11 in Axes
  7345 | D:8      | Reached skill level 5 in Shields
  7417 | D:8      | Noticed Maggie
  7427 | D:8      | Killed Maggie
  7696 | D:9      | Reached *** piety under the Shining One
  7874 | D:9      | Found a staircase to the Lair.
  8306 | D:10     | Entered Level 10 of the Dungeon
  8326 | D:10     | Reached XP level 11. HP: 91/99 MP: 17/17
  8349 | D:10     | Reached skill level 12 in Axes
  8366 | D:10     | Noticed Josephine
  8388 | D:10     | Killed Josephine
  8389 | D:10     | Reached skill level 10 in Fighting
  8460 | D:10     | Found an opulent altar of Gozag.
  8997 | D:10     | Noticed Grum
  9008 | D:10     | Killed Grum
  9146 | D:10     | Reached skill level 13 in Axes
  9535 | Lair:1   | Entered Level 1 of the Lair of Beasts
 10264 | Lair:1   | Reached skill level 10 in Invocations
 10590 | Lair:1   | Found a runed translucent door.
 10590 | Lair:1   | Noticed Xycs's ghost (journeyman GnEE)
 10695 | Lair:1   | Killed from afar by Xycs's ghost

Illustrated notes

Levels and vault maps discovered:
D:1:      minmay_arrival_five_plusses, layout_basic
D:2:      layout_rooms, basic_altar
D:3:      layout_loops_ring, nicolae_overflow_two_pavilions,
          nrook_mini_backslash, nicolae_figureground_sparkle
D:4:      layout_loops_ring, nicolae_ossuary_entry_giza
D:5:      layout_cave_pools, minmay_temple_entry_slanted
D:6:      layout_layer_cave
D:7:      layout_loops_ring, minmay_manual_mandibuliform, uniq_prince_ribbit1,
          uniq_joseph, uniq_pikel
D:8:      layout_gridville, uniq_maggie
D:9:      layout_small_grid, lair_entry_dummy
D:10:     layout_long_grid, grunt_gozag_breadcrumbs, uniq_josephine, uniq_grum
Temple:   hellmonk_temple_divided_pantheon
Lair:1:   layout_concentric_octagons, ebering_ghost_reflecting_pool,
          serial_bayou_lake_a

Skill      XL: |  1  2  3  4  5  6  7  8  9 10 11 |
---------------+----------------------------------+-----
Armour         | 1 2 3 4 5 6 8 9 |  9.3
Fighting       | 4 5 6 7 8 9 10 | 10.8
Axes           | 5 6 7 8 9 10 11 13 | 13.8
Invocations    | 2 5 6 8 10 | 10.1
Dodging        | 4 |  4.2
Shields        | 1 4 6 |  6.0
Stealth        | |  1.5

Action                     |  1- 3 |  4- 6 |  7- 9 | 10-12 || total
---------------------------+-------+-------+-------+-------++-------
  Melee: Hand axe          |    79 |       |       |       ||    79
         Punch             |     1 |     4 |     3 |       ||     8
         Mace              |    28 |   192 |       |     4 ||   224
         War axe           |       |     2 |   113 |   256 ||   371
 Invoke: Cleansing Flame   |       |       |       |     2 ||     2
    Use: Scroll            |       |     9 |     5 |     5 ||    19
   Stab: Sleeping          |     3 |       |       |       ||     3
         Distracted        |     1 |       |       |       ||     1
 Armour: Robe              |     3 |       |       |       ||     3
         Plate armour      |    29 |   143 |    95 |   137 ||   404
         Leather armour    |     1 |       |       |       ||     1
  Dodge: Dodged            |    60 |    36 |    32 |    78 ||   206
  Block: Buckler           |       |       |       |    88 ||    88

Table legend: (Time is in decaauts)
 A = Elapsed time spent in this place.
 B = Non-inter-level travel time spent in this place.
 C = Inter-level travel time spent in this place.
 D = Time resting spent in this place.
 E = Time spent auto-exploring this place.
 F = Levels seen in this place.
 G = Mean time per level.
                   A        B        C        D        E       F      G
               +--------+--------+--------+--------+--------+-----+--------+
         Total |  10814 |  10425 |    389 |   1627 |   6835 |  13 |  831.8 |
       Dungeon |   9583 |   9195 |    388 |   1416 |   6281 |  10 |  958.3 |
        Temple |     34 |     34 |      0 |      0 |      0 |   1 |   34.0 |
          Lair |    962 |    962 |      0 |    200 |    553 |   1 |  962.0 |
       Ossuary |    233 |    233 |      0 |     11 |      1 |   1 |  233.0 |
               +--------+--------+--------+--------+--------+-----+--------+

Top non-repeatable levels by time:
     D:6: 1503 daAuts
     D:7: 1335 daAuts
    D:10: 1197 daAuts
     D:1: 1137 daAuts
     D:3: 1010 daAuts
     D:9: 998 daAuts
  Lair:1: 962 daAuts
     D:4: 929 daAuts
     D:5: 547 daAuts
     D:8: 512 daAuts
     D:2: 411 daAuts
 Ossuary: 233 daAuts
  Temple: 34 daAuts
